 Dungeon Crawl Stone Soup version 0.17-a0-1404-gb8113a6 (webtiles) character file.

112 Aiteri the Skirmisher (level 4, -3/40 HPs)
             Began as a Hill Orc Fighter on June 21, 2015.
             Slain by a sky beast (5 damage)
             ... on level 3 of the Dungeon.
             The game lasted 00:03:24 (1530 turns).

Aiteri the Skirmisher (Hill Orc Fighter)            Turns: 1530, Time: 00:03:25

Health: -3/40      AC:  7    Str: 19    XL:     4   Next: 93%
Magic:  4/4        EV:  7    Int:  8    God:
Gold:   99         SH:  9    Dex: 10    Spells: 0 memorised, 3 levels left

rFire  . . .     SeeInvis .     a - +0 war axe
rCold  . . .     Clarity  .     b - +0 scale mail
rNeg   . . .     SustAt   .     c - +0 shield
rPois  .         Gourm    .     (no helmet)
rElec  .         Spirit   .     (no cloak)
rCorr  .         Warding  .     (no gloves)
rMut   .         Stasis   .     (no boots)
MR     .....                    (no amulet)
Stlth  ..........               (no ring)
                                (no ring)

@: not resistant to hostile enchantments, extremely unstealthy
A: no striking features
a: no special abilities


You were on level 3 of the Dungeon.
You were not hungry.

You visited 1 branch of the dungeon, and saw 3 of its levels.

You collected 99 gold pieces.

Inventory:

Hand weapons
 a - a +0 war axe (weapon)
Armour
 b - a +0 scale mail (worn)
 c - a +0 shield (worn)
Jewellery
 g - a +3 ring of intelligence {unknown}
Scrolls
 h - a scroll of teleportation {unknown}
 k - a scroll of identify {unknown}
 o - 2 scrolls of fog {unknown}
 p - 2 scrolls of magic mapping {unknown}
 q - a scroll of noise {unknown}
Potions
 d - a potion of might
 i - a potion of mutation {unknown}
 j - a potion of resistance {unknown}
 l - a potion of brilliance {unknown}
 m - a potion of heal wounds {unknown}
 n - a potion of invisibility {unknown}
 r - 2 potions of lignification {unknown}
Comestibles
 e - 2 bread rations
 f - 4 fruits
 s - a meat ration
 t - 6 chunks of flesh


   Skills:
 * Level 4.2 Fighting
 * Level 3.3 Axes
 * Level 4.1 Armour
 + Level 1.1 Dodging
 * Level 4.2 Shields


You had 3 spell levels left.
You didn't know any spells.

Dungeon Overview and Level Annotations

Branches:
Dungeon (3/15)

Altars:
Ru
Yredelemnul


Message History

No target in view!
No target in view!
You miss something. Something hits you. Something shocks you.
You miss something.
A sky beast appears from thin air!
Reactivating autopickup.
The sky beast completely misses you.
Your shield and scale mail prevent you from hitting the sky beast.
The sky beast flickers out of sight!
Deactivating autopickup; reactivate with Ctrl-A.
Something completely misses you. You block its attack.
You miss something. Something hits you. Something shocks you.
You miss something. Something hits you but does no damage. Something hits you.
* * * LOW HITPOINT WARNING * * *
Something shocks you.
* * * LOW HITPOINT WARNING * * *
You miss something. Something hits you but does no damage.
You closely miss something. Something hits you.
* * * LOW HITPOINT WARNING * * *
Something shocks you.
You die...

#.######.###
#...
......#.##.
#.. #.........
#.. #....#.###
###..
####....#.###
...#
##.#.###....).
#..# #.#.##
#..#### #.{#
##.#.# #..#
#?@###.#.##
#..#
#.....####
...# #.....#
....# #.....#
.....#
#.......
....##
###.##### #.#
... ##..


There were no monsters in sight!

Vanquished Creatures
  Jessica (D:2)
  2 adders (D:2)
  6 worms
  9 bats
  6 hobgoblins
  7 jackals (D:1)
  5 kobolds
  6 goblins
  5 rats
47 creatures vanquished.

Notes
Turn   | Place    | Note
--------------------------------------------------------------
     0 | D:1      | Aiteri the Hill Orc Fighter began the quest for the Orb.
     0 | D:1      | Reached XP level 1. HP: 19/19 MP: 1/1
   214 | D:1      | Reached XP level 2. HP: 25/27 MP: 2/2
   470 | D:2      | Reached XP level 3. HP: 31/33 MP: 3/3
   483 | D:2      | Found a sacrificial altar of Ru.
   496 | D:2      | Reached skill level 4 in Fighting
   932 | D:2      | Reached XP level 4. HP: 40/40 MP: 4/4
   940 | D:2      | Noticed Jessica
   955 | D:2      | Killed Jessica
   955 | D:2      | Reached skill level 1 in Dodging
  1382 | D:2      | Found a basalt altar of Yredelemnul.
  1522 | D:3      | Noticed a sky beast
  1530 | D:3      | HP: 2/40 [something (3)]
  1530 | D:3      | Slain by a sky beast

Vault maps used:
D:1:      ncdulo_watergridlock
D:2:      nicolae_ru_awakened_eye, yredelemnul_altar_generic, uniq_jessica
D:3:      minivault_24

Action                   |  1- 3 |  4- 6 || total
-------------------------+-------+-------++-------
Melee: War axe           |    96 |    85 ||   181
  Eat: Chunk             |       |     2 ||     2
